 Dungeon Crawl Stone Soup version 0.23.2-33-g5129a83184 (webtiles) character file.

Game seed: 418573483434982028

17 funkygono the Grave Robber (level 2, 0/18 (20) HPs)
             Began as a Ghoul Necromancer on July 13, 2019.
             Slain by a giant cockroach (1 damage)
             ... on level 1 of the Dungeon.
             The game lasted 00:03:21 (736 turns).

funkygono the Grave Robber (Ghoul Necromancer)       Turns: 736, Time: 00:03:22

HP:   0/18 (20)     AC:  2    Str: 11    XL:     2   Next: 62%
MP:   0/4           EV: 12    Int: 10    God:
Gold: 79            SH:  0    Dex:  9    Spells: 3/5 levels left

rFire    . . .     SeeInvis .   (no weapon)
rCold    + . .     Gourm    .   (no shield)
rNeg     + + +     Faith    .   a - +0 robe
rPois    ∞         Spirit   +   (no helmet)
rElec    .         Reflect  .   (no cloak)
rCorr    .         Harm     .   (no gloves)
MR       .....                  (no boots)
Stlth    ++........             b - amulet of guardian spirit
HPRegen  0.00/turn              (no ring)
MPRegen  0.09/turn              (no ring)

@: flying, rotting
A: rotting body, claws 1, carnivore, cold resistance 1, negative energy
resistance 3, inhibited regeneration, torment resistance, unbreathing
a: no special abilities


You were on level 1 of the Dungeon.
You were not hungry.

You visited 1 branch of the dungeon, and saw 1 of its levels.

You collected 79 gold pieces.

Inventory:

Hand Weapons
 f - a +0 whip
Armour
 a - a +0 robe (worn)
Jewellery
 b - an amulet of guardian spirit (around neck)
Scrolls
 e - a scroll of enchant armour {unknown}
Comestibles
 c - 2 rations
 d - a chunk of flesh


   Skills:
 + Level 1.8 Dodging
 + Level 2.2 Stealth
 + Level 0.2 Unarmed Combat
 + Level 2.0 Spellcasting
 + Level 4.5 Necromancy


You had 3 spell levels left.
You knew the following spells:

 Your Spells              Type           Power        Failure   Level  Hunger
a - Pain                  Necr           ##..         4%          1    ##.....
b - Animate Skeleton      Necr           N/A          4%          1    ##.....

Your spell library contained the following spells:

 Spells                   Type           Power        Failure   Level  Hunger
 Vampiric Draining        Necr           ##........   14%         3    ####...
 Regeneration             Chrm/Necr      #.........   36%         3    ####...
 Animate Dead             Necr           N/A          43%         4    #####..


Dungeon Overview and Level Annotations

Branches:
Dungeon (1/15)

Altars:


Innate Abilities, Weirdness & Mutations

Your body is rotting away.
You thrive on raw meat.
You are immune to poison.
You have sharp fingernails.
You are carnivorous and can eat meat at any time.
Your flesh is cold resistant. (rC+)
You are immune to negative energy. (rN+++)
You do not regenerate when monsters are visible.
You are immune to unholy pain and torment.
You can survive without breathing.


Message History

It was a potion of flight.
You feel very buoyant.
You fly up into the air.
The jackal bites you but does no damage. x2
The jackal bites you.
It was a potion of lignification.
You feel woody for a moment.
Unknown command.
Casting: Pain (safe; 4% risk of failure)
Confirm with . or Enter, or press ? or * to list all spells.
Aiming: Pain (safe; 4% risk of failure)
Press: ? - help, Shift-Dir - straight line, f - jackal
Aim: a jackal (chance to defeat MR: 78%)
The jackal writhes in agony.
You kill the jackal!
The giant cockroach misses you.
The giant cockroach waves its antennae.
Some of the chunks of flesh in your inventory have rotted away.
The giant cockroach barely misses you. The giant cockroach bites you.
You die...

.....##......# #......#
####.##......# #......#
#.hg.+......############
#.#l##................#
#.#.##....h...........#
#.#.....#.g...........# #+#
#.#..h..#.............#####.#
#.#.....#.....l.......'.....####
#.#.....#.....s@......##........
#.#.....+.............##........
##....#########'######........
+....+ #.# #........ #....# #.#
#........ #....# #.# #........
#....# #.# #........ ###### #.#
#........ #.# #........


You could see a leopard gecko, a jackal, a giant cockroach and a hobgoblin.

Vanquished Creatures
  A dart slug (D:1)
  A leopard gecko (D:1)
  2 bats (D:1)
  A giant cockroach (D:1)
  3 goblins (D:1)
  A hobgoblin (D:1)
  A jackal (D:1)
  A frilled lizard (D:1)
  2 rats (D:1)
13 creatures vanquished.

Notes
Turn   | Place    | Note
-------+----------+-------------------------------------------
     0 | D:1      | funkygono the Ghoul Necromancer began the quest for the
                  | Orb.
     0 | D:1      | Reached XP level 1. HP: 14/14 MP: 2/2
   323 | D:1      | Reached XP level 2. HP: 19/20 MP: 0/3
   369 | D:1      | Learned a level 1 spell: Animate Skeleton
   736 | D:1      | Slain by a giant cockroach

Skill      XL: |  1  2 |
---------------+-------+-----
Spellcasting   | 2 |  2.0
Dodging        | |  1.8
Stealth        | |  2.2
Unarmed Combat | |  0.2
Necromancy     | |  4.5

Action                   || total
-------------------------++-------
Melee: Unarmed           ||    14
 Cast: Pain              ||    24
       Animate Skeleton  ||     2
  Use: Potion            ||     2
  Eat: Chunk             ||     2
Armor: Robe              ||     5
Dodge: Dodged            ||    36
